[Event "Vojvodina Open 2024-A 2024"]
[Site "Novi Sad"]
[Date "2024.06.28"]
[Round "6.16"]
[White "Rindhiya V"]
[Black "Prieb, Robert"]
[Result "1/2-1/2"]
[ECO "C63"]
[WhiteElo "1965"]
[BlackElo "2137"]
[Annotator "RC"]
[PlyCount "34"]
[EventDate "2024.06.03"]
[EventType "swiss"]
[EventCountry "SRB"]
[SourceTitle "playchess.com"]
[Source "ChessBase"]
[SourceQuality "1"]
[TimeControl "40/5400+30:900+30"]

1. e4 e5 2. Nf3 Nc6 3. Bb5 f5 4. Nc3 fxe4 5. Nxe4 d5 6. Nxe5 dxe4 7. Nxc6 Qg5 8. Qe2 Nf6 9. f4 Qxf4 10. Nxa7+ Bd7 11. Bxd7+ Kxd7 12. Qb5+ Ke6 13. Qxb7 Bd6 14. Qb3+ Kd7 15. Qa4+ Ke6 16. Qb3+ Kd7 17. Qa4+ Ke6 1/2-1/2